 Dungeon Crawl Stone Soup version 0.28.0-49-g6dfe1f597d (webtiles) character file.

Game seed: 3423380108381607731

141459 Peloso the Fencer (level 16, -6/157 HPs)
             Began as a Minotaur Fighter on May 20, 2022.
             Was the Champion of Okawaru.
             Collided with a salamander tyrant (17 damage)
             ... caused by a salamander mystic
             ... on level 2 of the Snake Pit.
             The game lasted 01:19:12 (30255 turns).

Peloso the Fencer (Minotaur Fighter)               Turns: 30255, Time: 01:19:12

Health: -6/157     AC: 31    Str: 31    XL:     16   Next: 78%
Magic:  17/17      EV: 13    Int:  5    God:    Okawaru [******]
Gold:   1630       SH: 13    Dex: 28    Spells: 15/15 levels left

rFire   + . .      SeeInvis .   a - +4 double sword (flame)
rCold   + . .      Faith    .   e - +1 buckler of the First Xenops {Fly Dex+3}
rNeg    . . .      Spirit   .   i - +2 gold dragon scales
rPois   +          Reflect  .   d - +0 hat
rElec   +          Harm     .   l - +0 cloak
rCorr   .          Rampage  .   p - +0 pair of gloves {Stlth+}
Will    +....                   M - +0 pair of boots "Vuif" {Dex+5}
Stlth   ..........              F - amulet of regeneration
HPRegen 1.16/turn               N - ring "Yfocryos" {rElec Dex+6}
MPRegen 0.15/turn               B - +6 ring of strength

@: heroic, weakened, flying, studying Unarmed Combat
A: horns 2, retaliatory headbutt
a: Renounce Religion, Heroism, Finesse, Duel


You were on level 2 of the Snake Pit.
You worshipped Okawaru.
Okawaru was exalted by your worship.
You visited 5 branches of the dungeon, and saw 26 of its levels.
You also visited: Sewer, Ossuary, Gauntlet and Volcano.

You collected 3025 gold pieces.
You spent 1395 gold pieces at shops.

Inventory:

Hand Weapons
 a - a +4 double sword of flaming (weapon)
 b - a +1 vampiric demon blade
 c - the +5 scimitar "Sarcophage" {holy, *Slow rElec rC+ rCorr}
   (Okawaru gifted it to you on level 15 of the Dungeon)

   It has been blessed by the Shining One to cause great damage to the undead
   and demons.
   rC:        It protects you from cold.
   rElec:     It insulates you from electricity.
   rCorr:     It protects you from acid and corrosion.
   *Slow:     It may slow you when you take damage.
Armour
 d - a +0 hat (worn)
 e - the +1 buckler of the First Xenops (worn) {Fly Dex+3}
   (Okawaru gifted it to you on level 2 of the Orcish Mines)

   Dex:       It affects your dexterity (+3).
   Fly:       It grants you flight.
 i - +2 gold dragon scales (worn)
 l - a +0 cloak (worn)
 p - a +0 pair of gloves of stealth (worn)
 w - a +0 pair of boots of flying
 G - the +0 hat of Words of Power {rElec rPois rN+ Dex-2}
   (You found it in a Gauntlet)

   Dex:       It affects your dexterity (-2).
   rElec:     It insulates you from electricity.
   rPois:     It protects you from poison.
   rN:        It protects you from negative energy.
 I - a +3 plate armour of willpower
 M - the +0 pair of boots "Vuif" (worn) {Dex+5}
   (Okawaru gifted it to you in a volcano)

   Dex:       It affects your dexterity (+5).
 P - a +1 tower shield of poison resistance
 R - the +7 plate armour "Soxkogoe" {Int+6}
   (You found it on level 15 of the Dungeon)

   Int:       It affects your intelligence (+6).
 U - a +1 kite shield of cold resistance
Jewellery
 h - a ring of see invisible
 o - a ring of positive energy
 u - an amulet of faith
 x - a ring of fire
 B - a +6 ring of strength (right hand)
 C - a ring of wizardry
 F - an amulet of regeneration (around neck)
 L - a ring of flight
 N - the ring "Yfocryos" (left hand) {rElec Dex+6}
   (You found it on level 4 of the Lair of Beasts)

   [ring of dexterity]

   Dex:       It affects your dexterity (+6).
   rElec:     It insulates you from electricity.
 O - a ring of resist corrosion
 V - an amulet of the acrobat
Wands
 g - a wand of iceblast (8)
 m - a wand of flame (14)
 y - a wand of digging (16)
 S - a wand of paralysis (3)
Scrolls
 f - 10 scrolls of teleportation
 j - a scroll of brand weapon
 k - 2 scrolls of fear
 r - 8 scrolls of noise
 s - 7 scrolls of identify
 v - 3 scrolls of immolation
 H - 2 scrolls of blinking
 Q - 2 scrolls of summoning
 X - a scroll of amnesia
Potions
 n - 3 potions of curing
 q - 6 potions of haste
 t - 2 potions of cancellation
 z - 2 potions of ambrosia
 A - a potion of brilliance
 D - a potion of invisibility
 E - 2 potions of resistance
 J - 3 potions of might
 W - a potion of magic
 Y - a potion of mutation
Miscellaneous
 K - a lightning rod (4/4)
 T - a phial of floods


   Skills:
 + Level 18.2(23.2) Fighting
 + Level 19.3(24.3) Long Blades
 + Level 0.1(5.1) Throwing
 + Level 16.7(21.7) Armour
 + Level 2.4(7.4) Dodging
 + Level 1.7(6.7) Stealth
 + Level 18.8(23.8) Shields
 + Level 3.0 Invocations
 + Level 2.9 Evocations


You had 15 spell levels left.
You didn't know any spells.
Your spell library contained the following spells:

 Spells                   Type           Power      Damage    Failure   Level
 Apportation              Tloc           0%         N/A       99%         1
 Pain                     Necr           0%         1d4       99%         1
 Ensorcelled Hibernation  Hex/Ice        0%         N/A       100%        2
 Frozen Ramparts          Ice            0%         1d2       100%        3
 Spider Form              Tmut/Pois      0%         N/A       100%        3
 Anguish                  Hex/Necr       0%         N/A       100%        4
 Flame Wave               Conj/Fire      0%         2d4       100%        4
 Ice Form                 Ice/Tmut       0%         N/A       100%        4
 Petrify                  Tmut/Erth      0%         N/A       100%        4
 Agony                    Necr           0%         N/A       100%        5
 Alistair's Intoxication  Tmut/Pois      0%         N/A       100%        5
 Blade Hands              Tmut           0%         N/A       100%        5
 Excruciating Wounds      Necr           0%         N/A       100%        5
 Fireball                 Conj/Fire      0%         3d3       100%        5
 Lightning Bolt           Conj/Air       0%         1d11      100%        5
 Metabolic Englaciation   Hex/Ice        0%         N/A       100%        5
 Conjure Ball Lightning   Conj/Air       0%         3x3d6     100%        6
 Dispersal                Tloc           0%         N/A       100%        6
 Iron Shot                Conj/Erth      0%         9d1       100%        6
 Statue Form              Tmut/Erth      0%         N/A       100%        6
 Disjunction              Tloc           0%         N/A       100%        8
 Necromutation            Tmut/Necr      0%         N/A       100%        8
 Animate Armour           Summ/Erth      Unusable   N/A       N/A         4
 Summon Ice Beast         Ice/Summ       Unusable   N/A       N/A         4

Dungeon Overview and Level Annotations

Branches:
Dungeon (15/15)            Temple (1/1) D:7            Lair (6/6) D:11
  Swamp (0/4) Lair:3        Snake (2/4) Lair:2        Slime (0/5) Lair:5
    Orc (2/2) D:10            Elf (0/3) Orc:2        Vaults (0/5) D:13
 Depths (0/4) D:15          Sewer (visited)         Ossuary (visited)
Volcano (visited)         Gauntlet (visited)

Altars:
Ashenzari
Cheibriados
Dithmenos
Elyvilon
Fedhas
Gozag
Hepliaklqana
Kikubaaqudgha
Makhleb
Nemelex Xobeh
Okawaru
Qazlal
Ru
Sif Muna
Trog
Uskayaw
Vehumet
Wu Jian
Xom
Yredelemnul
Zin
The Shining One
Beogh

Shops:
D:5 *   D:12 (   Orc:1 !   Orc:2 (=**

Portals:
Pandemonium: Orc:2

Annotations:
D:13 3 runed translucent doors, Senossui's ghost, journeyman TrMo
Lair:4 Casa


Innate Abilities, Weirdness & Mutations

You have a pair of horns on your head.
You reflexively headbutt those who attack you in melee.


Message History

You feel as though you will be weak longer.
The salamander tyrant hits you.
* * * LOW HITPOINT WARNING * * *
You are engulfed in flames!
You resist.
* * * LOW HITPOINT WARNING * * *
You feel better.
The salamander tyrant hits you but does no damage.
You slash the salamander tyrant!
The salamander tyrant is moderately wounded.
The salamander tyrant misses you.
Unknown command.
You slash the salamander tyrant!
The salamander tyrant is heavily wounded.
The salamander tyrant gazes fiercely through you!
You feel as though you will be weak longer.
The salamander tyrant hits you but does no damage.
Unknown command.
You slash the salamander tyrant!
The salamander tyrant is severely wounded.
The salamander tyrant hits you!
* * * LOW HITPOINT WARNING * * *
You are engulfed in flames!
You resist.
* * * LOW HITPOINT WARNING * * *
Unknown command.
You feel better.
You block the salamander tyrant's attack.
The salamander tyrant hits you but does no damage.
You feel better.
The salamander tyrant gazes fiercely through you!
You feel as though you will be weak longer.
A naga mage comes into view. It is wielding a +1 whip of venom.
The naga mage shouts!
You block the salamander tyrant's attack.
The salamander mystic points at you and mumbles some strange words.
The lance of force hits you!
* * * LOW HITPOINT WARNING * * *
You are knocked back by the lance of force.
You collide with the salamander tyrant!
The salamander tyrant is severely wounded.
You die...

..###....# ...##....#
.........# .........#
### .#.##....# ##8##
.#.#####.# #$$$#
.........# #$:$#
##.#####.# #?N?# #.##
### ##@## ##..#
#..≈≈N§§.§#
)...#######≈≈.....N.§≈#
##.......###≈§§.§..≈§##
#........###§§≈≈≈≈≈##
#..#####..####§≈≈###
#..#.......####### #
#............#####.#
#...........(......


You could see a salamander tyrant (wandering, fast), a salamander mystic and a
naga mage.

Vanquished Creatures
  Gastronok (D:9)
  Kirke (Lair:4)
  2 orc warlords
  Aizul (Snake:2)
  The ghost of Banquo the Eclecticist, a journeyman DjFE of Jiyva (Lair:6)
  Nessos (D:15)
  A minotaur (Gauntlet)
  Josephine (D:14)
  An ettin (D:15)
  A fire dragon (Lair:6)
  2 salamander tyrants (Snake:2)
  6 naga warriors
  7 anacondas
  A ghost crab (Gauntlet)
  9 hydras
  4 boulder beetles
  5 centaur warriors
  3 demonspawn (Orc:2)
  6 two-headed ogres
  3 dancing weapons (D:11)
  Erica (D:11)
  12 death yaks
  5 orc high priests (Orc:2)
  Nergalle (Lair:4)
  3 shock serpents (Snake:1)
  Urug (Orc:2)
  A sixfirhy (Gauntlet)
  5 skeletal warriors
  A fire crab (Lair:6)
  3 deep trolls (D:15)
  A salamander mystic (Snake:2)
  3 naga ritualists (Snake:1)
  3 lindwurms
  7 orc knights
  4 deep elf pyromancers
  4 mana vipers
  2 necromancers (D:15)
  25 ugly things
  2 cyclopes
  A cyclops (shapeshifter) (Gauntlet)
  2 oklob plants (Lair:5)
  3 manticores
  9 orc sorcerers
  3 naga magi
  24 black mambas
  2 guardian serpents (Snake:1)
  4 salamanders
  A toenail golem (Volcano)
  2 torpor snails
  6 molten gargoyles
  A smoke demon (Orc:2)
  An unseen horror (D:13)
  14 cane toads
  Psyche (D:11)
  5 rime drakes
  2 kobold demonologists (D:10)
  17 komodo dragons
  A demonic crawler (Lair:5)
  2 efreet (Volcano)
  2 yaktaurs (D:13)
  6 trolls
  A queen bee (Lair:6)
  A meliai (Lair:6)
  5 polar bears
  2 tyrant leeches (Lair:3)
  2 hornets (Lair:6)
  15 blink frogs
  10 slime creatures
  12 dream sheep
  A centaur simulacrum (D:15)
  4 humans (Lair:4)
  6 wraiths
  A vampire (D:11)
  8 wyverns
  12 yaks
  10 basilisks
  A ynoxinul (Orc:2)
  5 fire elementals (Volcano)
  5 vampire mosquitoes
  4 steam dragons
  5 wargs
  A chaos spawn (Orc:2)
  9 nagas
  2 swamp worms (Lair:5)
  An acid dragon (shapeshifter) (Gauntlet)
  An acid dragon (D:11)
  9 water moccasins
  5 hell hounds (Lair:6)
  45 orc warriors
  6 black bears
  A sky beast (D:5)
  An ice beast (D:7)
  A necrophage (D:5)
  7 ogres
  9 centaurs
  A boggart (D:13)
  4 wolves (Lair:6)
  A wolf (shapeshifter) (Gauntlet)
  4 kobold brigands
  A gnoll sergeant (D:8)
  A scorpion (D:4)
  A wyvern zombie (D:7)
  10 bullfrogs
  2 earth elementals (Volcano)
  A water moccasin skeleton (D:6)
  12 killer bees
  7 wights
  5 howler monkeys
  4 electric eels
  4 centaur zombies
  A bullfrog zombie (D:5)
  5 lava snakes (Lair:6)
  A human zombie (Ossuary)
  2 jellies
  23 orc priests
  A bullfrog skeleton (D:4)
  A gnoll shaman (D:9)
  Jessica (D:2)
  6 centaur skeletons
  2 hell rats (D:11)
  13 orc wizards
  A killer bee zombie (D:4)
  A hound skeleton (D:5)
  4 hound zombies
  4 mummies (Ossuary)
  Robin (D:2)
  2 howler monkey zombies
  7 gnolls
  A howler monkey skeleton (D:7)
  14 adders
  6 river rats
  A shadow imp (D:8)
  4 ufetubi (Gauntlet)
  An adder zombie (Ossuary)
  An adder skeleton (D:3)
  2 worms
  2 dart slugs
  102 orcs
  5 endoplasms
  6 giant cockroaches
  11 goblins
  6 hobgoblins
  9 jackals
  7 quokkas
  13 ball pythons
  14 bats
  5 frilled lizards
  2 goblin zombies (Ossuary)
  9 kobolds
  3 kobold zombies (Ossuary)
  An orc zombie (Ossuary)
  8 rats
  A rat zombie (Ossuary)
  A fire vortex (Volcano)
827 creatures vanquished.

Vanquished Creatures (others)
  The ghost of Bruhh the Carver, a journeyman DjEE of Ashenzari (Orc:2)
  2 naga warriors (Orc:2)
  A tengu warrior (Orc:2)
  A deep elf knight (Orc:2)
  3 orc knights (Orc:2)
  A black mamba (Lair:6)
  An orc (Orc:1)
  4 ball lightnings (Orc:2)
  A demonic plant (Gauntlet)
  2 fire vortices (Volcano)
  35 fungi
  57 plants
  4 withered plants (Gauntlet)
113 creatures vanquished.

Grand Total: 940 creatures vanquished

Notes
Turn   | Place    | Note
-------+----------+-------------------------------------------
     0 | D:1      | Peloso the Minotaur Fighter began the quest for the Orb.
     0 | D:1      | Reached XP level 1. HP: 19/19 MP: 0/0
    33 | D:1      | Found a faded altar of an unknown god.
   631 | D:1      | Reached XP level 2. HP: 27/27 MP: 1/1
   891 | D:2      | Noticed Jessica
   899 | D:2      | Killed Jessica
   900 | D:2      | Reached skill level 3 in Long Blades
   900 | D:2      | Reached XP level 3. HP: 10/33 MP: 2/2
  1358 | D:2      | Reached XP level 4. HP: 29/40 MP: 3/3
  1463 | D:2      | Noticed Robin
  1481 | D:2      | Killed Robin
  1690 | D:3      | Reached skill level 4 in Long Blades
  2419 | D:4      | Reached skill level 5 in Armour
  2419 | D:4      | Reached XP level 5. HP: 47/47 MP: 4/4
  2492 | D:4      | Noticed a black bear
  2496 | D:4      | Killed a black bear
  2497 | D:4      | Reached skill level 5 in Long Blades
  2497 | D:4      | Reached XP level 6. HP: 46/53 MP: 5/5
  2530 | D:4      | Found a sand-covered staircase.
  2534 | Ossuary  | Entered an ossuary
  2752 | Ossuary  | Reached skill level 6 in Long Blades
  3227 | D:4      | Noticed a steam dragon
  3238 | D:4      | Killed a steam dragon
  3239 | D:4      | Reached skill level 5 in Fighting
  3239 | D:4      | Reached skill level 7 in Long Blades
  3239 | D:4      | Reached skill level 5 in Shields
  3239 | D:4      | Reached XP level 7. HP: 36/61 MP: 6/6
  3637 | D:4      | Found a snail-covered altar of Cheibriados.
  3839 | D:5      | Entered Level 5 of the Dungeon
  4292 | D:4      | Reached skill level 8 in Long Blades
  4455 | D:5      | Reached XP level 8. HP: 67/69 MP: 7/7
  4647 | D:5      | Reached skill level 1 in Dodging
  4801 | D:5      | Found Yttakhlo's Lightly-Used Armoury.
  4971 | D:6      | Found a glowing drain.
  4979 | Sewer    | Entered a sewer
  5033 | Sewer    | Reached skill level 9 in Long Blades
  5817 | D:6      | Identified the +9 shortbow of Dadiyle {flame, Str+5 Stlth+}
  6071 | D:6      | Found a white marble altar of Elyvilon.
  6149 | D:6      | Found a blossoming altar of Fedhas.
  6149 | D:6      | Found a shadowy altar of Dithmenos.
  6149 | D:6      | Found a sacrificial altar of Ru.
  6748 | D:7      | Found a staircase to the Ecumenical Temple.
  6756 | D:7      | Reached XP level 9. HP: 76/78 MP: 8/8
  6760 | Temple   | Entered the Ecumenical Temple
  6901 | Temple   | Became a worshipper of Warmaster Okawaru
  7344 | D:8      | Reached skill level 10 in Long Blades
  7659 | D:9      | Noticed Gastronok
  7668 | D:10     | Entered Level 10 of the Dungeon
  7882 | D:10     | Reached * piety under Okawaru
  8048 | D:10     | Noticed a komodo dragon
  8059 | D:10     | Killed a komodo dragon
  8122 | D:10     | Found a stormy altar of Qazlal.
  8194 | D:10     | Reached skill level 11 in Long Blades
  8215 | D:10     | Reached ** piety under Okawaru
  8462 | D:10     | Found a staircase to the Orcish Mines.
  8529 | D:10     | Noticed a kobold demonologist
  8529 | D:10     | Noticed a kobold demonologist
  8531 | D:10     | Noticed an orange demon
  8536 | D:10     | Noticed a hellwing
  8538 | D:10     | Killed a kobold demonologist
  8539 | D:10     | Reached XP level 10. HP: 86/86 MP: 9/9
  8561 | D:10     | Reached skill level 1 in Invocations
  8706 | D:10     | Reached *** piety under Okawaru
  8938 | D:10     | Noticed a two-headed ogre
  8943 | D:10     | Killed a two-headed ogre
  8944 | D:10     | Reached skill level 12 in Long Blades
  8944 | D:10     | Reached skill level 1 in Stealth
  9179 | D:9      | Killed Gastronok
  9179 | D:9      | Reached **** piety under Okawaru
  9180 | D:9      | Reached skill level 10 in Shields
  9451 | D:9      | Reached skill level 13 in Long Blades
  9848 | D:9      | Reached XP level 11. HP: 75/95 MP: 10/10
 10588 | D:11     | Noticed Erica
 10597 | D:11     | Killed Erica
 10598 | D:11     | Reached skill level 10 in Armour
 10789 | D:11     | Noticed a two-headed ogre
 10796 | D:11     | Killed a two-headed ogre
 10862 | D:11     | Noticed Psyche
 10866 | D:11     | Killed Psyche
 10866 | D:11     | Reached ***** piety under Okawaru
 10886 | D:11     | Noticed a death yak
 10888 | D:11     | Noticed a death yak
 10888 | D:11     | Noticed a death yak
 10922 | D:11     | Killed a death yak
 10925 | D:11     | Reached skill level 1 in Evocations
 10936 | D:11     | Killed a death yak
 10946 | D:11     | Killed a death yak
 11221 | D:11     | Found a staircase to the Lair.
 11305 | D:11     | Found a runed translucent door.
 11305 | D:11     | Noticed a +0 demon trident of draining
 11305 | D:11     | Noticed a +1 vampiric demon blade
 11307 | D:11     | Noticed a +1 vampiric demon whip
 11334 | D:11     | Noticed a boulder beetle
 11393 | D:11     | Killed a boulder beetle
 11394 | D:11     | Reached skill level 14 in Long Blades
 11691 | D:11     | Noticed a boulder beetle
 12241 | D:11     | Killed a boulder beetle
 12304 | D:11     | Noticed a two-headed ogre
 12317 | D:11     | Killed a two-headed ogre
 12317 | D:11     | Identified the +0 pair of boots of the Wilderness {+Blink
                  | rF- MP+9} (Okawaru gifted it to you on level 11 of the
                  | Dungeon)
 12317 | D:11     | Received a gift from Okawaru
 12708 | D:11     | Noticed a two-headed ogre
 12714 | D:11     | Killed a two-headed ogre
 12880 | Orc:1    | Entered Level 1 of the Orcish Mines
 12985 | Orc:1    | Found Tebagecw's Distillery.
 13007 | Orc:1    | Bought a potion of might for 64 gold pieces
 13252 | Orc:2    | Entered Level 2 of the Orcish Mines
 13268 | Orc:2    | Found a staircase to the Elven Halls.
 13720 | D:5      | Bought -1 gold dragon scales for 1125 gold pieces
 14090 | D:5      | Bought a -1 double sword for 150 gold pieces
 14227 | Lair:1   | Entered Level 1 of the Lair of Beasts
 14240 | Lair:1   | Reached XP level 12. HP: 106/106 MP: 12/12
 14284 | Lair:1   | Reached skill level 10 in Fighting
 15179 | Lair:2   | Found a staircase to the Snake Pit.
 15938 | Lair:3   | Reached skill level 15 in Long Blades
 16010 | Lair:3   | Noticed an eight-headed hydra
 16020 | Lair:3   | Killed a four-headed hydra
 16020 | Lair:3   | Received a gift from Okawaru
 16022 | Lair:3   | Noticed a seven-headed hydra
 16028 | Lair:3   | Killed a three-headed hydra
 16066 | Lair:3   | Noticed a seven-headed hydra
 16079 | Lair:3   | Killed a three-headed hydra
 16204 | Lair:3   | Found a staircase to the Swamp.
 16373 | Lair:3   | Noticed a death yak
 16373 | Lair:3   | Noticed a death yak
 16374 | Lair:3   | Noticed a death yak
 16374 | Lair:3   | Noticed a death yak
 16382 | Lair:3   | Noticed a death yak
 16384 | Lair:3   | Killed a death yak
 16391 | Lair:3   | Killed a death yak
 16396 | Lair:3   | Killed a death yak
 16402 | Lair:3   | Killed a death yak
 16403 | Lair:3   | Reached XP level 13. HP: 55/116 MP: 13/13
 17216 | D:12     | Received a gift from Okawaru
 17216 | D:12     | Reached ****** piety under Okawaru
 17281 | D:12     | Reached skill level 16 in Long Blades
 17374 | D:12     | Found a snail-covered altar of Cheibriados.
 17378 | D:12     | Found Irheicae's Antique Weapon Shoppe.
 17932 | Lair:4   | Noticed Kirke
 17940 | Lair:4   | Killed Kirke
 18036 | Lair:4   | Found a dark tunnel.
 18089 | Volcano  | Entered a volcano
 18217 | Volcano  | Identified the +0 pair of boots "Vuif" {Dex+5} (Okawaru
                  | gifted it to you in a volcano)
 18217 | Volcano  | Received a gift from Okawaru
 18393 | Lair:4   | Identified the ring "Yfocryos" {rElec Dex+6}
 18751 | Lair:4   | Noticed Nergalle
 18755 | Lair:4   | Killed Nergalle
 19269 | D:13     | Reached skill level 15 in Shields
 19590 | D:13     | Reached XP level 14. HP: 129/129 MP: 14/14
 19788 | D:13     | Found an opulent altar of Gozag.
 19789 | D:13     | Found a runed translucent gate.
 19789 | D:13     | Found a runed translucent gate.
 19789 | D:13     | Found a runed translucent gate.
 19791 | D:13     | Noticed Senossui's ghost (journeyman TrMo)
 19931 | D:13     | Found a gate to the Vaults.
 20285 | Orc:2    | Found Jixkumic's General Store.
 20363 | Orc:2    | Found Bala's General Store.
 20519 | Orc:2    | Bought a scroll of magic mapping for 56 gold pieces
 20530 | Orc:2    | Identified the +1 buckler of the First Xenops {Fly Dex+3}
                  | (Okawaru gifted it to you on level 2 of the Orcish Mines)
 20530 | Orc:2    | Received a gift from Okawaru
 20591 | Orc:2    | Reached skill level 17 in Long Blades
 20760 | Orc:2    | Found Guowuduts's Antique Weapon Shoppe.
 20760 | Orc:2    | Found a one-way gate leading to the halls of Pandemonium.
 20760 | Orc:2    | Found Cenay's Jewellery Emporium.
 20983 | Orc:2    | Found a runed translucent gate.
 20983 | Orc:2    | Found a runed translucent gate.
 20983 | Orc:2    | Found a runed translucent gate.
 20993 | Orc:2    | Noticed Bruhh's ghost (journeyman DjEE)
 20997 | Orc:2    | Found an iron altar of Okawaru.
 21032 | Orc:2    | Killed Bruhh's ghost
 21036 | Orc:2    | Noticed Urug
 21043 | Orc:2    | Killed Urug
 21138 | Orc:2    | Identified the +0 broad axe "Lealu" {drain, rPois Int+2
                  | Stlth+}
 21499 | Orc:1    | Noticed an orc warlord
 21502 | Orc:1    | Noticed an orc warlord
 21696 | Orc:2    | Killed an orc warlord
 21696 | Orc:2    | Received a gift from Okawaru
 21798 | Orc:1    | Reached skill level 15 in Fighting
 21831 | Orc:1    | Killed an orc warlord
 22667 | Lair:5   | Found a staircase to the Slime Pits.
 22982 | Lair:5   | Reached XP level 15. HP: 141/141 MP: 15/15
 23762 | Lair:6   | Entered Level 6 of the Lair of Beasts
 23935 | Lair:6   | Received a gift from Okawaru
 24146 | Lair:6   | Noticed Banquo's ghost (journeyman DjFE)
 24165 | Lair:6   | Found a transporter.
 24169 | Lair:6   | Found a transporter.
 24324 | Lair:6   | Reached skill level 18 in Long Blades
 24429 | Lair:6   | Got the Incunabulum of Conjuration and the Birds
 24510 | Lair:6   | Found a large runed translucent door.
 24510 | Lair:6   | Found a large runed translucent door.
 24790 | Lair:6   | Reached skill level 15 in Armour
 24814 | Lair:6   | Received a gift from Okawaru
 25398 | Lair:6   | Killed Banquo's ghost
 26026 | D:14     | Noticed Josephine
 26035 | D:14     | Killed Josephine
 26066 | D:14     | Found a shimmering altar of Xom.
 26066 | D:14     | Found a shimmering altar of Xom.
 26067 | D:14     | Found a shimmering altar of Xom.
 26067 | D:14     | Found a shimmering altar of Xom.
 26067 | D:14     | Found a shimmering altar of Xom.
 26069 | D:14     | Found a shimmering altar of Xom.
 26613 | D:15     | Entered Level 15 of the Dungeon
 26616 | D:15     | Noticed Nessos
 26625 | D:15     | Killed Nessos
 26676 | D:15     | Reached XP level 16. HP: 148/154 MP: 17/17
 26735 | D:15     | Found a gate leading to a gauntlet.
 26744 | Gauntlet | Entered a Gauntlet
 26744 | Gauntlet | Found a transporter.
 26744 | Gauntlet | Found a transporter.
 26744 | Gauntlet | Found a transporter.
 26766 | Gauntlet | Found a transporter.
 26782 | Gauntlet | Found a transporter.
 26785 | Gauntlet | Found a transporter.
 26801 | Gauntlet | Found a transporter.
 26820 | Gauntlet | Found a transporter.
 26836 | Gauntlet | Found a transporter.
 26839 | Gauntlet | Found a transporter.
 26850 | Gauntlet | Found a transporter.
 26851 | Gauntlet | Found a transporter.
 27059 | Gauntlet | Received a gift from Okawaru
 27098 | Gauntlet | Identified the +0 hat of Words of Power {rElec rPois rN+
                  | Dex-2}
 27134 | Gauntlet | Identified the +7 trident "Ogre's Death Toll" {drain, rF+
                  | Dex+3 SInv}
 27134 | Gauntlet | Identified the +9 shortbow of Xestym {speed, rElec Will+
                  | MP+9 Int+4}
 27156 | Gauntlet | Got Anwuaph's Collected Works on Changing
 27570 | D:15     | Identified the +7 plate armour "Soxkogoe" {Int+6}
 28302 | D:15     | Found a staircase to the Depths.
 28490 | D:15     | Identified the +5 scimitar "Sarcophage" {holy, *Slow rElec
                  | rC+ rCorr} (Okawaru gifted it to you on level 15 of the
                  | Dungeon)
 28490 | D:15     | Received a gift from Okawaru
 28711 | Snake:1  | Entered Level 1 of the Snake Pit
 28889 | Snake:1  | Reached skill level 19 in Long Blades
 28944 | Snake:1  | Received a gift from Okawaru
 30180 | Snake:2  | Noticed Aizul
 30199 | Snake:2  | Killed Aizul
 30211 | Snake:2  | HP: 3/157 [anaconda (12)]
 30252 | Snake:2  | HP: 4/157 [salamander tyrant (8)]
 30255 | Snake:2  | Collided with a salamander tyrant

Illustrated notes

Levels and vault maps discovered:
D:1:      enne_arrival_octagon_isle, layout_loops_ring,
          chequers_ecumenical_altar_twisty, glass_columns_a, minmay_octomino_j4
D:2:      layout_loops_ring, uniq_robin, uniq_jessica
D:3:      layout_rooms, serial_aquarium, aquarium_bridge_square
          [aquarium_subvault_wall, aquarium_subvault_bridge,
          aquarium_subvault_wall, aquarium_subvault_bridge],
          aquarium_window_fake, aquarium_window_corridor_1, aquarium_view_2b,
          aquarium_pool_2
D:4:      layout_gridville, mainiacjoe_overflow_24_doors,
          nicolae_ossuary_entry_false_entrances
D:5:      layout_basic, minivault_11, minmay_shop_damaged
D:6:      layout_basic, mainiacjoe_overflow_tiny_flanked,
          gammafunk_temple_overflow_claw, cheibrodos_sewer_entry_drain,
          small_statue_intersection, kennysheep_generic_room_7
D:7:      layout_rooms, minmay_temple_entry_enclosed_plants, nrook_loot_triangle
D:8:      layout_gridville
D:9:      layout_small_grid, minmay_misc_feat_more_columns, uniq_gastronok
D:10:     layout_roguey [special_room_orc], overflow_temple_1_default,
          david_orc_4
D:11:     layout_irregular_city, dpeg_lair_monsters, serial_column_ruins,
          column_ruins_hut_pillars, column_ruins_circle_medium,
          column_ruins_corridor_corner, column_ruins_columns_dead_end,
          column_ruins_corridor_straight, column_ruins_open_small,
          column_ruins_open_medium, column_ruins_columns_straight,
          nicolae_danse_macabre, uniq_erica, uniq_psyche
D:12:     layout_gridville, serial_shops, nicolae_lakefront_shop,
          cheibriados_altar_1
D:13:     layout_roguey, hangedman_vaults_entry_quadrant_bands,
          ebering_ghost_gozag
D:14:     layout_basic, minivault_25, xom_redecorated, uniq_josephine
D:15:     hangedman_depths_entry_civil_slaughter, layout_layer_cave,
          gauntlet_entry_generic, grunt_decor_resistance, minmay_checkerbox,
          uniq_nessos
Temple:   eino_temple_scatter_basement
Lair:1:   layout_chaotic_city, grunt_megastairs_4, infiniplex_staircase_pool_2
Lair:2:   layout_roguey, minmay_snake_entry_guardpost_small,
          serial_bayou_lake_a, lemuel_fruit_fields, lemuel_fruit_tree,
          infiniplex_staircase_pool
Lair:3:   nzn_winding_woodlands_stair_trap
          [nzn_winding_woodlands_5x15_split_checker,
          nzn_winding_woodlands_5x15_parted,
          nzn_winding_woodlands_5x15_pathside_ponds,
          nzn_winding_woodlands_15x15_eel_pit, nzn_winding_woodlands_5x15_eye,
          nzn_winding_woodlands_5x15_pool, nzn_winding_woodlands_5x15_zeroes],
          layout_misc_corridors, minmay_swamp_entry_worms,
          minmay_stone_trees_small, serial_bayou_shore_a
Lair:4:   layout_long_grid, nicolae_volcano_entry_lava_flow,
          chequers_serial_rivers_room_a, uniq_nergalle, uniq_kirke
Lair:5:   layout_cave_pods, minmay_slime_entry_oklob_enclosed,
          serial_bayou_pond_b, worms_lemuel
Lair:6:   cheibrodos_lair_end_hotspot, layout_misc_corridors,
          gammafunk_ghost_hive
Snake:1:  nicolae_snakescales, layout_layer_cave, serial_bayou_shore_b
Snake:2:  cheibrodos_snake_lava_hold, layout_gridlike, drop_trap, uniq_frances,
          uniq_aizul
Orc:1:    layout_diamond_mine, serial_shops, nicolae_lakefront_shop,
          minmay_orc_treasury
Orc:2:    pf_orc_diabolical, layout_caves, gammafunk_ghost_fury_of_okawaru,
          uniq_urug

Skill      XL: |  1  2  3  4  5  6  7  8  9 10 11 12 13 14 15 16 |
---------------+-------------------------------------------------+-----
Fighting       | 4 5 6 7 8 9 11 13 15 16 18 | 18.2
Armour         | 4 5 6 7 8 9 10 12 13 14 15 16 | 16.7
Long Blades    | 3 4 5 7 8 9 11 13 14 15 16 17 18 19 | 19.3
Shields        | 4 5 6 8 10 11 13 15 16 18 | 18.8
Dodging        | 1 2 |  2.4
Invocations    | 1 2 3 |  3.0
Stealth        | 1 |  1.7
Evocations     | 2 |  2.9
Throwing       | |  0.1

Action                   |  1- 3 |  4- 6 |  7- 9 | 10-12 | 13-15 | 16-18 || total
-------------------------+-------+-------+-------+-------+-------+-------++-------
Melee: Long sword        |    50 |   154 |   394 |   315 |       |       ||   913
       Headbutt          |    12 |    25 |    87 |   133 |   268 |   103 ||   628
       Scimitar          |       |       |       |    47 |       |       ||    47
       Double sword      |       |       |       |   200 |  1013 |   341 ||  1554
Throw: Throwing net      |       |       |       |     1 |       |       ||     1
Invok: Heroism           |       |       |     2 |    14 |    12 |     8 ||    36
Evoke: Wand              |       |       |       |    23 |     2 |     1 ||    26
  Use: Scroll            |     2 |    10 |     4 |    12 |     7 |     4 ||    39
       Potion            |       |       |       |     1 |     2 |     5 ||     8
 Stab: Held in net/web   |       |       |       |     1 |       |       ||     1
Armor: Plate armour      |    29 |   138 |   230 |    80 |       |       ||   477
       Scale mail        |     2 |       |       |       |       |       ||     2
       Gold dragon scale |       |       |       |   106 |   552 |   182 ||   840
Dodge: Dodged            |    16 |    45 |   131 |    62 |   256 |    83 ||   593
Block: Buckler           |    13 |    53 |    81 |       |   438 |   199 ||   784
       Tower shield      |       |       |   101 |   467 |   322 |       ||   890
